 Dungeon Sprint DCSS version 0.31-a0-868-g674d60d6f7 (webtiles) character file.

Game seed: 17392482603522630228

4257 rocky1 the Carver (level 10, -23/80 HPs)
             Began as a Djinni Gladiator on Oct 12, 2023.
             Was an Initiate of Gozag.
             Annihilated by a kraken (32 damage)
             ... in the Dungeon (Sprint II: "The Violet Keep of Menkaure").
             The game lasted 00:07:05 (1471 turns).

rocky1 the Carver (Djinni Gladiator)                Turns: 1471, Time: 00:07:05

Health: -23/80     AC: 15    Str: 13    XL:     10   Next: 56%
Gold:   933        EV: 15    Int: 10    God:    Gozag SH:  6 Dex: 19

rFire   + + +        f - +2 demon blade (antimagic)
rCold   . . .        k - +0 buckler
rNeg    . . .        i - +3 scale mail {rF+}
rPois   ∞            c - +0 helmet
rElec   +            (no cloak)
rCorr   +            g - +2 pair of gloves
SInv    .            (boots unavailable)
Will    +....        (no amulet)
Stlth   +            (no ring)
HPRegen 0.33/turn    (no ring)
MPRegen 0.00/turn

%: no teleportation, infuse magic (-24 HP)
@: resistant, flying, invisible
A: sickness immunity, fire resistance 2, cold vulnerability 1, float, innate
caster, HP casting, extra vitality 1
a: Renounce Religion, Potion Petition, Call Merchant, Bribe Branch


You were in the Dungeon.
You worshipped Gozag.
Gozag was pleased with you.
You visited 1 branch You collected 3568 gold pieces.
You spent 1787 gold pieces at shops.
You paid 848 gold pieces to Gozag.

Inventory:

Hand Weapons
 f - a +2 antimagic demon blade (weapon)
Missiles
 d - 3 throwing nets (quivered)
 e - a javelin
 w - 6 silver javelins
Armour
 c - a +0 helmet (worn)
 g - a +2 pair of gloves (worn)
 i - a +3 scale mail of fire resistance (worn)
 k - a +0 buckler (worn)
Scrolls
 j - a scroll of blinking
 l - 5 scrolls of identify
 n - 2 scrolls of amnesia
 o - 4 scrolls of fear
 p - a scroll of fog
 r - a scroll of enchant weapon {unknown}
 t - a scroll of immolation {unknown}
 v - a scroll of torment {unknown}
Potions
 a - 4 potions of heal wounds
 b - 3 potions of curing
 h - a potion of haste
 m - 2 potions of invisibility
 q - 3 potions of resistance {unknown}
 s - 3 potions of magic {unknown}
 u - 2 potions of mutation {unknown}
 x - 4 potions of enlightenment {unknown}


   Skills:
 + Level 10.1 Fighting
 + Level 14.6 Long Blades
 - Level 2.9 Throwing
 + Level 7.1 Armour
 + Level 12.4 Dodging
 + Level 3.8 Stealth
 + Level 5.4 Shields


You knew the following spells:

 Your Spells              Type           Power      Damage    Failure   Level
a - Summon Small Mammal   Summ           0%         N/A       89%         1
b - Momentum Strike       Conj/Tloc      0%         3d8       96%         2
c - Summon Guardian Gole  Hex/Summ       0%         N/A       99%         3
d - Sigil of Binding      Hex            0%         N/A       99%         3
Your spell library was empty.

Dungeon Overview and Level Annotations

Branches:
Dungeon (1/1)

Altars:
Cheibriados
Dithmenos
Elyvilon
Fedhas
Gozag
Hepliaklqana
Makhleb
Nemelex Xobeh
Okawaru
Qazlal
Ru
Trog
Uskayaw
Wu Jian
Xom
Yredelemnul
Zin
The Shining One
Jiyva
Lugonu

Shops:
D =:![?:!!((*[=[(

Annotations:
D exclusions: obsidian statue, oklob plant and orange crystal statue


Innate Abilities, Weirdness & Mutations

You are immune to sickness and miasma.
You are immune to poison.
Your flesh is very heat resistant. (rF++)
You are vulnerable to cold. (rC-)
You float through the air rather than walking.
You learn spells naturally, not from books.
Your magical power is your life essence.
You have superior vitality. (+4 MHP)


Message History

[b] - 330 gold - haste and enlightenment [c] - 220 gold - haste Purchase which effect?
You feel much better.
Unknown command.
The kraken bites you but does no damage.
You hit the kraken but do no damage.
The kraken is moderately wounded.
The kraken bites you but does no damage.
You hit the kraken but do no damage.
The kraken is moderately wounded.
The kraken bites you!
You hit the kraken but do no damage.
The kraken is moderately wounded.
The kraken bites you!!
You hit the kraken but do no damage.
The kraken is moderately wounded.
The kraken bites you!!!
* * * LOW HITPOINT WARNING * * *
Tentacles burst out of the water! 2 tentacles come into view.
The tentacle misses you. [a] - 330 gold - haste and heal wounds [b] - 184 gold - might and brilliance [c] - 728 gold - heal wounds, curing, resistance and invisibility Purchase which effect?
You feel much better.
You feel better.
You feel protected.
You fade into invisibility!
The tentacle completely misses you. The kraken bites you!!
* * * LOW HITPOINT WARNING * * *
You completely miss the kraken.
The kraken is moderately wounded.
The kraken bites you!
* * * LOW HITPOINT WARNING * * *
You slice the kraken!!
The kraken is moderately wounded.
The kraken bites you!!
You die...
Your body crumbles into a pile of gold.

#=)▓...))..(▓▓
.##.#):▓..:.[.)(▓▓
...####▓[..(....▓▓
#.^##.#▓(.[...)[▓▓
+..#..#▓.....[(.▓▓
#..#..#▓.)[(...(▓▓
#^^##.#▓.!.[....▓▓
##...##▓▓▓▓▓▓▓'▓▓▓▓+▓
.~~~~)~~~~~~~~..@X≈≈▓
.~#'########'###.≈≈≈▓
.~#.._.....#~~§##≈≈≈▓
.~#._._....#~~≈§####▓
§§#_._._...#~§§~≈##
~~#._._._..#~~§≈§§#
≈~#_._._._.#§~~§~≈+
≈§#._._._._#§~§~≈~#
≈≈#_._._._.#§~§§§≈▓


You could see a kraken (unable to see you).

Vanquished Creatures
  A yaktaur (D)
  3 polar bears (D)
  A hornet (D)
  2 wyverns (D)
  12 flying skulls (D)
  Menkaure (D)
  3 water moccasins (D)
  4 necrophages (D)
  4 scorpions (D)
  A hell rat (D)
  3 worms (D)
  A tentacle (D)
36 creatures vanquished.

Vanquished Creatures (others)
  A water moccasin (D)
  11 tentacles (D)
12 creatures vanquished.

Grand Total: 48 creatures vanquished

Notes
Turn   | Place    | Note
-------+----------+-------------------------------------------
     0 | D        | rocky1 the Djinni Gladiator began the quest for the Orb.
     0 | D        | Reached XP level 1. HP: 18/18 MP: 0/0
     3 | D        | Noticed a scorpion
     3 | D        | Noticed a scorpion
     3 | D        | Noticed a scorpion
     3 | D        | Noticed a scorpion
    17 | D        | Killed a scorpion
    18 | D        | Reached skill level 5 in Long Blades
    18 | D        | Reached XP level 2. HP: 8/25 MP: 0/0
    18 | D        | Reached XP level 3. HP: 9/30 MP: 0/0
    18 | D        | Learned a level 1 spell: Summon Small Mammal
    18 | D        | Reached XP level 4. HP: 11/35 MP: 0/0
    26 | D        | Killed a scorpion
    27 | D        | Reached skill level 6 in Long Blades
    27 | D        | Reached XP level 5. HP: 17/41 MP: 0/0
    27 | D        | Learned a level 2 spell: Momentum Strike
    38 | D        | Reached skill level 1 in Armour
    41 | D        | Reached skill level 7 in Long Blades
    41 | D        | Reached XP level 6. HP: 14/48 MP: 0/0
    58 | D        | Killed a water moccasin
   169 | D        | Found a stormy altar of Qazlal.
   169 | D        | Found an ornate altar of the Wu Jian Council.
   170 | D        | Found a hazy altar of Hepliaklqana.
   170 | D        | Found a sacrificial altar of Ru.
   170 | D        | Found a shimmering altar of Xom.
   170 | D        | Found a glowing golden altar of the Shining One.
   171 | D        | Found a viscous altar of Jiyva.
   171 | D        | Found a basalt altar of Yredelemnul.
   172 | D        | Found a snail-covered altar of Cheibriados.
   172 | D        | Found a bloodstained altar of Trog.
   173 | D        | Found a shadowy altar of Dithmenos.
   173 | D        | Found a corrupted altar of Lugonu.
   173 | D        | Found a hide-covered altar of Uskayaw.
   174 | D        | Found a white marble altar of Elyvilon.
   174 | D        | Found a burning altar of Makhleb.
   176 | D        | Found a blossoming altar of Fedhas.
   178 | D        | Found an opulent altar of Gozag.
   178 | D        | Found a sparkling altar of Nemelex Xobeh.
   179 | D        | Found a glowing silver altar of Zin.
   179 | D        | Found an iron altar of Okawaru.
   181 | D        | Noticed a water moccasin
   181 | D        | Noticed a water moccasin
   185 | D        | Noticed a water moccasin
   185 | D        | Noticed a flying skull
   185 | D        | Noticed a flying skull
   186 | D        | Became a worshipper of Gozag Ym Sagoz the Greedy
   229 | D        | Reached skill level 8 in Long Blades
   235 | D        | Reached skill level 5 in Fighting
   235 | D        | Reached XP level 7. HP: 47/54 MP: 0/0
   235 | D        | Learned a level 3 spell: Summon Guardian Golem
   249 | D        | Reached skill level 9 in Long Blades
   249 | D        | Reached skill level 10 in Dodging
   429 | D        | Noticed a wyvern
   429 | D        | Noticed a wyvern
   438 | D        | Killed a wyvern
   439 | D        | Reached skill level 10 in Long Blades
   442 | D        | Killed a wyvern
   443 | D        | Reached skill level 1 in Stealth
   443 | D        | Reached XP level 8. HP: 61/61 MP: 0/0
   497 | D        | Noticed an orange crystal statue
   498 | D        | Noticed Menkaure
   504 | D        | Killed Menkaure
   507 | D        | Found Rumaps's Armour Boutique.
   507 | D        | Found Loofor's Antique Weapon Shop.
   508 | D        | Found Vylen's Assorted Antiques.
   508 | D        | Found Kol Kaacs's Antique Armour Boutique.
   508 | D        | Found Deydghoon's Jewellery Shop.
   509 | D        | Found Ynikej's Distillery.
   509 | D        | Found Fezehor's Antique Weapon Boutique.
   509 | D        | Found Ajyol's Distillery.
   509 | D        | Found Raanen's Antique Weapon Shop.
   510 | D        | Found Iski Reff's Book Boutique.
   510 | D        | Found Uzaahul's Magic Scroll Shop.
   510 | D        | Noticed a wyvern
   584 | D        | Noticed an obsidian statue
   589 | D        | Noticed a flying skull
   590 | D        | Noticed a flying skull
   591 | D        | Noticed a flying skull
   593 | D        | Noticed a flying skull
   593 | D        | Noticed a flying skull
   593 | D        | Noticed a flying skull
   593 | D        | Noticed a flying skull
   594 | D        | Noticed a flying skull
   594 | D        | Noticed a flying skull
   595 | D        | Noticed a flying skull
   595 | D        | Noticed a flying skull
   595 | D        | Noticed a flying skull
   636 | D        | Reached skill level 11 in Long Blades
   703 | D        | Noticed a wyvern
   707 | D        | Found Neerr's Antique Armour Boutique.
   707 | D        | Found Tottor's Distillery.
   707 | D        | Noticed an oklob plant
   708 | D        | Found Omashime's Book Shoppe.
   708 | D        | Found Lucawivva's Jewellery Boutique.
   710 | D        | Noticed a yak
   711 | D        | Noticed a yak
   711 | D        | Noticed a yak
   717 | D        | Bought a runed demon blade for 558 gold pieces
   720 | D        | Bought a pair of embroidered gloves for 180 gold pieces
   720 | D        | Bought a shiny scale mail for 168 gold pieces
   741 | D        | Bought a buckler for 90 gold pieces
   748 | D        | Bought a +0 helmet for 45 gold pieces
   755 | D        | Bought 2 potions of heal wounds for 130 gold pieces
   755 | D        | Bought 2 potions of curing for 78 gold pieces
   755 | D        | Bought a potion of degeneration for 13 gold pieces
   755 | D        | Bought a potion of invisibility for 104 gold pieces
   758 | D        | Bought a potion of heal wounds for 70 gold pieces
   758 | D        | Bought a potion of heal wounds for 70 gold pieces
   762 | D        | Bought a scroll labelled KUEXKUICSI for 24 gold pieces
   762 | D        | Bought a scroll labelled KUEXKUICSI for 24 gold pieces
   762 | D        | Bought a scroll labelled JIPEGH IGHEKKA for 24 gold pieces
   766 | D        | Bought a potion of heal wounds for 55 gold pieces
   768 | D        | Bought a scroll of identify for 22 gold pieces
   768 | D        | Bought a scroll of identify for 22 gold pieces
   768 | D        | Bought a scroll of identify for 22 gold pieces
   768 | D        | Bought a scroll of fear for 44 gold pieces
   768 | D        | Bought a scroll of fog for 44 gold pieces
   820 | D        | Noticed a polar bear
   820 | D        | Noticed a polar bear
   821 | D        | Noticed a yaktaur
   821 | D        | Noticed a polar bear
   823 | D        | Noticed a hornet
   834 | D        | Killed a polar bear
   849 | D        | Killed a polar bear
   850 | D        | Reached skill level 1 in Shields
   862 | D        | Killed a polar bear
   863 | D        | Reached skill level 12 in Long Blades
   863 | D        | Reached XP level 9. HP: 29/68 MP: 0/0
   863 | D        | Learned a level 3 spell: Sigil of Binding
   873 | D        | Killed a yaktaur
   874 | D        | Reached skill level 5 in Armour
   878 | D        | Killed a hornet
  1038 | D        | Noticed a kraken
  1058 | D        | Reached skill level 13 in Long Blades
  1116 | D        | Reached XP level 10. HP: 48/78 MP: 0/0
  1144 | D        | Reached skill level 14 in Long Blades
  1187 | D        | Reached skill level 5 in Shields
  1194 | D        | Reached skill level 10 in Fighting
  1336 | D        | Found the +7 Spriggan's Knife {stab, EV+4 Stlth+}
  1460 | D        | HP: 4/80 [kraken (36)]
  1471 | D        | Annihilated by a kraken

Illustrated notes

Levels and vault maps discovered:
D:        the_violet_keep_of_menkaure [sprint2_stairs_cluster_1,
          sprint2_shoproom, sprint2_temple, sprint2_basic_supplies,
          sprint2_obstacle_3, sprint2_obstacle_1, sprint2_obstacle_4,
          sprint2_obstacle_2, sprint2_obstacle_7, sprint2_timed_cluster_1,
          sprint2_smallroom_cluster_1, sprint2_smallroom_final_cluster_1,
          sprint2_transparent_cluster_1, sprint2_second_timed_cluster_1,
          sprint2_sniper_area_1, sprint2_heavy_combat_area_1,
          sprint2_mutation_trap_area_1, sprint2_forest_area_1,
          sprint2_light_combat_area_1, sprint2_behind_water_1,
          sprint2_near_end_vault_1]

Skill      XL: |  1  2  3  4  5  6  7  8  9 10 |
---------------+-------------------------------+-----
Fighting       | 3 4 5 6 7 9 10 | 10.1
Long Blades    | 5 6 7 8 10 12 13 14 | 14.6
Throwing       | 2 |  2.9
Dodging        | 6 7 8 9 11 12 | 12.4
Armour         | 1 2 3 4 6 7 |  7.1
Stealth        | 1 2 3 |  3.8
Shields        | 1 3 5 |  5.4

Action                     |  1- 3 |  4- 6 |  7- 9 | 10-12 || total
---------------------------+-------+-------+-------+-------++-------
  Melee: Long sword        |    12 |    45 |    68 |       ||   125
         Punch             |       |     1 |     1 |       ||     2
         Demon blade       |       |       |    89 |   106 ||   195
 Invoke: Potion Petition   |       |       |       |     2 ||     2
    Use: Potion            |     1 |     1 |     2 |     2 ||     6
         Scroll            |       |       |     1 |       ||     1
   Stab: Sleeping          |       |       |     2 |       ||     2
         Distracted        |       |       |       |     2 ||     2
 Armour: Leather armour    |     9 |    17 |    22 |       ||    48
         Scale mail        |       |       |    70 |    53 ||   123
  Dodge: Dodged            |     9 |    32 |   104 |    26 ||   171
  Block: Buckler           |       |       |    21 |    20 ||    41

Table legend: (Time is in decaauts)
 A = Elapsed time spent in this place.
 B = Non-inter-level travel time spent in this place.
 C = Inter-level travel time spent in this place.
 D = Time resting spent in this place.
 E = Time spent auto-exploring this place.
 F = Levels seen in this place.
 G = Mean time per level.
                   A        B        C        D        E       F      G
               +--------+--------+--------+--------+--------+-----+--------+
         Total |   1419 |   1419 |      0 |    620 |      0 |   1 | 1419.0 |
       Dungeon |   1419 |   1419 |      0 |    620 |      0 |   1 | 1419.0 |
               +--------+--------+--------+--------+--------+-----+--------+

Top non-repeatable levels by time:
       D: 1419 daAuts
